 Dungeon Crawl Stone Soup version bcrawl-1.27.7 (webtiles) character file.

Game seed: 9551422506188929942

445668 BeastOfSaturn the Warrior (level 14, -1/138 HPs)
             Began as a Demonspawn Skald on Oct 23, 2020.
             Was the Champion of Qazlal.
             Slain by a polar bear (5 damage)
             ... while petrified by a basilisk
             ... on level 6 of the Lair of Beasts on Oct 24, 2020.
             The game lasted 00:58:24 (18266 turns).

BeastOfSaturn the Warrior (Demonspawn Skald)       Turns: 18266, Time: 00:58:25

Health: -1/138     AC: 27    Str: 17    XL:     14   Next: 2%
Magic:  0/27       EV:  2    Int: 13    God:    Qazlal [******]
Gold:   1028       SH:  0    Dex: 16    Spells: 12/31 levels left

rFire    + + .     SeeInvis .   b - +1 war axe (flame)
rCold    + + .     Gourm    .   (no shield)
rNeg     + + +     Faith    .   G - +3 leather armour of Todaem {*Drain rN+ Int+2}
rPois    ∞         Spirit   +   A - +0 helmet
rElec    +         Reflect  +   u - +5 cloak "Masuthru" {+Blink Stlth+}
rCorr    .         Harm     .   P - +0 pair of gloves
MR       +....                  (boots unavailable)
Stlth    +.........             T - amulet "Viatir" {Reflect rF++ rC++ Int-3 SH+4}
HPRegen  3.33/turn              U - ring "Ros Baraab" {rElec Dex+3}
MPRegen  0.40/turn              s - +4 ring of protection

@: lethally poisoned (-1 -> -1), petrified, singing (expiring), protected from
physical damage, slowed, repel missiles
A: talons 3, thin metallic scales 3, powered by death 1, robust 1, magic shield,
magic regeneration
a: Upheaval, Elemental Force, Disaster Area, Renounce Religion, Evoke Blink


You were on level 6 of the Lair of Beasts.
You worshipped Qazlal.
Qazlal was exalted by your worship.
You were hungry.

You visited 2 branches of the dungeon, and saw 17 of its levels.
You also visited: Ossuary and Gauntlet.

You collected 1217 gold pieces.
You spent 189 gold pieces at shops.

Inventory:

Hand Weapons
 a - a +6 double sword
 b - a +1 war axe of flaming (weapon)
 X - a +5 war axe of chopping
Missiles
 p - 324 poisoned tomahawks (quivered)
 E - a throwing net {=f}
Armour
 u - the +5 cloak "Masuthru" (worn) {+Blink Stlth+}
   (You found it in a Gauntlet)

   It lets you blink.
   It makes you more stealthy.
 A - a +0 helmet (worn)
 G - the +3 leather armour of Todaem (worn) {*Drain rN+ Int+2}
   (You bought it in a shop on level 9 of the Dungeon)

   It affects your intelligence (+2).
   It protects you from negative energy.
   It causes draining when unequipped.
 P - a +0 pair of gloves (worn)
Magical Staves
 n - an uncursed staff of fire
Jewellery
 j - an uncursed ring of flight
 s - a +4 ring of protection (right hand)
 Q - an uncursed ring of poison resistance
 R - an uncursed ring of protection from fire
 T - the amulet "Viatir" (around neck) {Reflect rF++ rC++ Int-3 SH+4}
   (You found it in a Gauntlet)

   [amulet of reflection]

   It shields you and reflects attacks.
   It affects your intelligence (-3).
   It greatly protects you from fire.
   It greatly protects you from cold.
   It affects your SH (+4).
 U - the ring "Ros Baraab" (left hand) {rElec Dex+3}
   (You took it off a minotaur in a Gauntlet)

   [ring of insulation]

   It affects your dexterity (+3).
   It insulates you from electricity.
 Y - a cursed ring of fire {unknown}
Wands
 f - a wand of iceblast (27)
 v - a wand of acid (14)
 z - a wand of random effects (9)
 I - a wand of clouds (8)
 J - a wand of flame (29)
 M - a wand of digging (18)
 N - a wand of enslavement (10)
 O - a wand of paralysis (18)
Scrolls
 c - a scroll of vulnerability {unknown}
 i - 5 scrolls of fog
 l - 3 scrolls of immolation
 o - 5 scrolls of remove curse
 q - 4 scrolls of enchant armour
 r - 14 scrolls of teleportation
 x - 3 scrolls of fear
 y - 5 scrolls of magic mapping
 B - a scroll of brand weapon
 S - 7 scrolls of identify
 V - 6 scrolls of amnesia
 Z - a scroll of silence {unknown}
Potions
 d - 3 potions of flight
 g - 6 potions of agility
 h - 3 potions of cancellation
 k - 2 potions of resistance
 m - 3 potions of curing
 t - 4 potions of lignification
 w - 4 potions of might
 C - 2 potions of brilliance
 D - a potion of mutation
 H - 5 potions of magic
 K - a potion of heal wounds
 L - 3 potions of haste
 W - 2 potions of ambrosia
Miscellaneous
 F - a phial of floods
Comestibles
 e - 22 rations {!d}


   Skills:
 * Level 16.4 Fighting
 * Level 2.2 Long Blades
 * Level 7.8 Armour
 - Level 2.0 Dodging
 * Level 9.4 Spellcasting
 * Level 2.3 Conjurations
 - Level 2.0 Hexes
 - Level 8.0 Charms
 * Level 2.9 Summonings
 - Level 4.0 Necromancy
 - Level 5.0 Invocations
 - Level 5.0 Evocations


You had 12 spell levels left.
You knew the following spells:

 Your Spells              Type           Power        Failure   Level  Hunger
a - Infusion              Chrm           ####....     1%          1    None
b - Song of Slaying       Chrm           ####....     1%          2    None
c - Regeneration          Chrm/Necr      ###.......   3%          3    None
d - Spectral Weapon       Hex/Chrm       ###.....     5%          3    None
e - Bolt of Draining      Conj/Necr      ##........   71%         5    ####...
f - Summon Lightning Spi  Summ/Air       #.......     91%         5    ####...

Your spell library contained the following spells:

 Spells                   Type           Power        Failure   Level  Hunger
 Animate Skeleton         Necr           N/A          2%          1    None
 Pain                     Necr           ###...       2%          1    None
 Summon Butterflies       Summ           ##......     4%          1    None
 Swiftness                Chrm/Air       ###.....     4%          2    None
 Magic Dart               Conj           ##..         5%          1    None
 Call Imp                 Summ           ##....       6%          2    None
 Ozocubu's Armour         Chrm/Ice       ###.....     8%          3    None
 Vampiric Draining        Necr           ###.......   8%          3    None
 Apportation              Tloc           #.....       14%         1    None
 Beastly Appendage        Tmut           #.....       14%         1    None
 Sandblast                Erth           #.....       14%         1    None
 Dazzling Orbs            Conj/Hex       ##.....      17%         3    None
 Confuse                  Hex            ##......     19%         3    None
 Tukima's Dance           Hex            ##......     19%         3    None
 Blink                    Tloc           N/A          21%         2    None
 Passwall                 Tmut/Erth      #.......     21%         2    None
 Sticks to Snakes         Tmut           #.......     21%         2    None
 Conjure Flame            Conj/Fire      #.......     26%         3    None
 Stone Arrow              Conj/Erth      #.....       26%         3    None
 Animate Dead             Necr           N/A          26%         4    ##.....
 Mephitic Cloud           Conj/Pois/Air  #.......     30%         3    None
 Beckoning                Tloc           #.........   38%         3    None
 Spider Form              Tmut/Pois      #..          38%         3    None
 Yara's Violent Unravell  Hex/Tmut       #.........   65%         4    ##.....
 Ice Form                 Ice/Tmut       #.......     80%         4    ##.....
 Petrify                  Tmut/Erth      #.........   80%         4    ##.....
 Metabolic Englaciation   Hex/Ice        #.........   94%         5    ####...
 Silence                  Hex/Air        #.........   94%         5    ####...
 Blade Hands              Tmut           #.........   98%         5    ####...
 Lee's Rapid Deconstruct  Erth           #.........   98%         5    ####...
 Passage of Golubria      Tloc           N/A          98%         5    ####...
 Deflect Missiles         Chrm/Air       ###.......   99%         6    #####..
 Conjure Ball Lightning   Conj/Air       #.........   100%        6    #####..
 Darkness                 Hex            ##........   100%        6    #####..
 Invisibility             Hex            ##......     100%        6    #####..
 Mana Rupture             Conj/Hex       ##........   100%        7    #######
 Tornado                  Air            #.........   100%        9    #######


Dungeon Overview and Level Annotations

Branches:
Dungeon (11/12)            Temple (0/1) D:4            Lair (6/6) D:9
  Swamp (0/3) Lair:3        Snake (0/3) Lair:2        Slime (0/5) Lair:5
    Orc (0/1) D:11
 Vaults: D:11-12

Altars:
Ashenzari
Cheibriados
Dithmenos
Elyvilon
Fedhas
Gozag
Hepliaklqana
Kikubaaqudgha
Makhleb
Okawaru
Qazlal
Sif Muna
Uskayaw
Wu Jian
Xom
The Shining One
Jiyva

Shops:
D:9 [


Innate Abilities, Weirdness & Mutations

You have claws for feet.
You are completely covered in thin metallic scales. (AC +4, rElec)
You regenerate a little health from kills.
You are robust. (+10% HP)
When hurt, damage is shared between your health and your magic reserves.
You regenerate magic rapidly.


Message History

You hold your ground!
The elephant trunk-slaps you but does no damage.
The hornet stings you but does no damage.
The death yak gores you.
You hear an angry hiss.
The polar bear bites you but does no damage.
The polar bear claws you but does no damage. x2
The yak gores you but does no damage.
The polar bear is engulfed in freezing vapours.
The hornet is struck by lightning.
You kill the hornet!
Qazlal accepts your kill.
The yak is struck by lightning.
The death yak gores you but does no damage.
The death yak gores you!
* * * LOW HITPOINT WARNING * * *
You feel more protected from physical attacks.
The death yak gores you but does no damage.
The polar bear bites you!
You die...

#≈.........#.
≈##.....P.....#P
≈≈≈.≈...PP.PY...
≈≈≈.....P......
#≈............
≈##≈..☼DYY......
≈≈≈≈.kYYYY...PP.
h≈l.lYY@YH...P..
≈#...hhY§H......
#....t§Y.......
≈≈≈≈............
≈≈≈...........#.
≈##≈.....P....$.
#.............
≈≈.....#.D....


You could see a dire elephant, 4 death yaks, an eight-headed hydra, a
four-headed hydra, 2 elephants, 3 polar bears, a komodo dragon, 2 hippogriffs, 5
yaks, a basilisk, a rime drake and a crocodile.

Vanquished Creatures
  A minotaur (Gauntlet)
  Urug (Lair:5)
  4 hydras
  A hell beast (Gauntlet)
  An anaconda (Lair:4)
  Erica (Lair:2)
  3 two-headed ogres
  2 centaur warriors
  2 death yaks
  Sonja (Lair:3)
  2 large abominations (Gauntlet)
  A swamp dragon (Lair:3)
  A cyclops (D:11)
  An oklob plant (Lair:2)
  A wolf spider zombie (D:11)
  An ugly thing (D:9)
  A moth of wrath (Gauntlet)
  4 centaur zombies (D:10)
  6 black mambas
  6 cane toads
  2 torpor snails
  2 rime drakes
  6 komodo dragons
  A queen bee (D:10)
  A troll (D:9)
  A polar bear (Lair:6)
  2 hornets
  7 blink frogs
  7 hippogriffs
  A meliai zombie (D:10)
  A spriggan (D:11)
  3 redbacks (Gauntlet)
  34 yaks
  A shadow (D:9)
  3 wyverns
  3 wraiths
  2 basilisks
  A vampire mosquito (D:10)
  An acid dragon (D:8)
  A soldier ant (D:10)
  A water moccasin (shapeshifter) (D:9)
  13 water moccasins
  2 hell hounds (Gauntlet)
  4 orc warriors
  8 crocodiles
  3 small abominations (Gauntlet)
  3 sky beasts
  11 porcupines
  3 ice beasts
  A hornet zombie (D:9)
  2 phantoms
  4 black bears
  7 ogres
  17 wolves
  6 centaurs
  2 big kobolds
  17 bullfrogs
  An elf zombie (Ossuary)
  2 scorpions (D:6)
  32 killer bees
  8 wights
  2 howler monkeys (D:7)
  2 crimson imps
  2 quasits
  A bullfrog zombie (D:9)
  3 jellies
  6 hounds
  3 orc priests
  3 bullfrog skeletons
  3 iguanas
  19 worker ants
  10 orc wizards
  A hound skeleton (D:6)
  4 mummies
  4 gnolls
  3 worker ant zombies
  16 adders
  A howler monkey skeleton (D:6)
  A river rat (D:4)
  2 oozes
  An adder zombie (D:8)
  8 worms
  An adder skeleton (D:6)
  7 dart slugs
  4 leopard geckos
  36 orcs
  2 ball pythons
  6 giant cockroaches
  9 goblins
  11 hobgoblins
  10 jackals
  20 kobolds
  5 quokkas
  4 bats
  4 frilled lizards
  5 goblin zombies
  3 hobgoblin zombies
  A jackal skeleton (D:5)
  4 rats
  6 fungi
  2 plants (Lair:4)
  4 spectral weapons
507 creatures vanquished.

Vanquished Creatures (others)
  A centaur (D:11)
  An iguana (Lair:3)
  2 orcs
  A goblin zombie (Ossuary)
  2 hobgoblin zombies (Ossuary)
  17 fungi
  3 plants
  3 spectral weapons
30 creatures vanquished.

Grand Total: 537 creatures vanquished

Notes
Turn   | Place    | Note
-------+----------+-------------------------------------------
     0 | D:1      | BeastOfSaturn the Demonspawn Skald began the quest for the
                  | Orb.
     0 | D:1      | Reached XP level 1. HP: 16/16 MP: 3/3
    62 | D:1      | Reached skill level 1 in Armour
    98 | D:1      | Gained mutation: You are partially covered in thin metallic
                  | scales. (AC +2) [demonic ancestry]
    98 | D:1      | Reached XP level 2. HP: 22/22 MP: 0/5
   115 | D:1      | Learned a level 2 spell: Song of Slaying
   785 | D:2      | Gained mutation: When hurt, damage is shared between your
                  | health and your magic reserves. [demonic ancestry]
   785 | D:2      | Reached XP level 3. HP: 25/28 MP: 6/6
   815 | D:2      | Found a stormy altar of Qazlal.
   988 | D:2      | Noticed a scorpion
  1121 | D:2      | Learned a level 3 spell: Regeneration
  1150 | D:2      | Found a shimmering altar of Xom.
  1389 | D:2      | Became a worshipper of Qazlal Stormbringer
  1509 | D:2      | Reached skill level 3 in Fighting
  1509 | D:2      | Gained mutation: You have sharp toenails. [demonic
                  | ancestry]
  1509 | D:2      | Reached XP level 4. HP: 24/35 MP: 0/7
  1929 | D:2      | Found an iron altar of Okawaru.
  1929 | D:2      | Found an ancient bone altar of Kikubaaqudgha.
  2023 | D:2      | Found a glowing golden altar of the Shining One.
  2272 | D:3      | Reached XP level 5. HP: 41/41 MP: 3/8
  2670 | D:3      | Reached skill level 4 in Fighting
  2802 | D:3      | Noticed a centaur
  2821 | D:3      | Killed a centaur
  2821 | D:3      | Reached * piety under Qazlal
  2821 | D:3      | Gained mutation: You have razor-sharp toenails. [demonic
                  | ancestry]
  2821 | D:3      | Reached XP level 6. HP: 34/49 MP: 1/9
  2889 | D:3      | Reached skill level 5 in Charms
  3222 | D:4      | Found a sand-covered staircase.
  3229 | D:4      | Reached skill level 5 in Fighting
  3314 | D:4      | Gained mutation: You regenerate a little health from kills.
                  | [demonic ancestry]
  3314 | D:4      | Reached XP level 7. HP: 6/56 MP: 3/10
  3444 | Ossuary  | Entered an ossuary
  3444 | Ossuary  | Noticed a wraith
  3444 | Ossuary  | Noticed a wraith
  3444 | Ossuary  | Noticed a wraith
  3449 | Ossuary  | Learned a level 3 spell: Spectral Weapon
  3652 | Ossuary  | Noticed a wraith
  3676 | Ossuary  | Killed a wraith
  4059 | D:4      | Found a staircase to the Ecumenical Temple.
  4078 | D:4      | Found a snail-covered altar of Cheibriados.
  4224 | D:4      | Reached skill level 6 in Fighting
  4709 | D:4      | Reached ** piety under Qazlal
  4966 | D:5      | Entered Level 5 of the Dungeon
  5025 | D:5      | Gained mutation: You have claws for feet. [demonic
                  | ancestry]
  5025 | D:5      | Reached XP level 8. HP: 64/64 MP: 11/11
  6092 | D:6      | Reached *** piety under Qazlal
  6092 | D:6      | Reached skill level 7 in Fighting
  6282 | D:6      | Reached skill level 8 in Fighting
  6282 | D:6      | Reached skill level 1 in Hexes
  6307 | D:6      | Reached XP level 9. HP: 70/75 MP: 9/12
  6386 | D:6      | Reached skill level 9 in Fighting
  6582 | D:6      | Found a shadowy altar of Dithmenos.
  7626 | D:7      | Found an opulent altar of Gozag.
  7626 | D:7      | Found a white marble altar of Elyvilon.
  7631 | D:7      | Found an ornate altar of the Wu Jian Council.
  7650 | D:7      | Found a hazy altar of Hepliaklqana.
  7652 | D:7      | Found a burning altar of Makhleb.
  8229 | D:8      | Reached **** piety under Qazlal
  8229 | D:8      | Reached skill level 10 in Fighting
  8229 | D:8      | Reached skill level 1 in Invocations
  8343 | D:8      | Noticed a two-headed ogre
  8365 | D:8      | Killed a two-headed ogre
  8391 | D:8      | Found a shattered altar of Ashenzari.
  8407 | D:8      | Found a shimmering blue altar of Sif Muna.
  8461 | D:8      | Noticed a centaur warrior
  8471 | D:8      | Killed a centaur warrior
  8471 | D:8      | Reached skill level 11 in Fighting
  8471 | D:8      | Gained mutation: You regenerate magic rapidly. [demonic
                  | ancestry]
  8471 | D:8      | Reached XP level 10. HP: 49/87 MP: 3/14
  8759 | D:8      | Found a hide-covered altar of Uskayaw.
  9891 | D:9      | Found a staircase to the Lair.
  9899 | D:9      | Noticed a brown ugly thing
  9922 | D:9      | Killed a brown ugly thing
  9952 | D:9      | Reached skill level 12 in Fighting
 10021 | D:9      | Gained mutation: You are mostly covered in thin metallic
                  | scales. (AC +3) [demonic ancestry]
 10021 | D:9      | Reached XP level 11. HP: 89/95 MP: 15/17
 10082 | D:9      | Found an ornate altar of the Wu Jian Council.
 10117 | D:9      | Found Omipralic's Antique Armour Boutique.
 10121 | D:9      | Bought a glimmering leather armour for 189 gold pieces
 10131 | D:9      | Identified the +3 leather armour of Todaem {*Drain rN+
                  | Int+2} (You bought it in a shop on level 9 of the Dungeon)
 10310 | D:9      | Reached skill level 5 in Armour
 10326 | D:9      | Reached ***** piety under Qazlal
 10468 | D:9      | Reached skill level 5 in Invocations
 10834 | D:10     | Entered Level 10 of the Dungeon
 10842 | D:10     | Reached skill level 5 in Spellcasting
 10887 | D:10     | Learned a level 5 spell: Bolt of Draining
 11072 | D:10     | Noticed a two-headed ogre
 11090 | D:10     | Reached skill level 1 in Necromancy
 11090 | D:10     | Reached skill level 1 in Evocations
 11098 | D:10     | Killed a two-headed ogre
 11121 | D:10     | Paralysed by fainting for 8 turns
 11135 | D:10     | Reached skill level 13 in Fighting
 12076 | D:11     | Noticed a cyclops
 12089 | D:11     | Killed a cyclops
 12200 | D:11     | Found a gate leading to a gauntlet.
 12209 | Gauntlet | Entered a Gauntlet
 12209 | Gauntlet | Found a transporter.
 12209 | Gauntlet | Found a transporter.
 12214 | Gauntlet | Found a transporter.
 12214 | Gauntlet | Noticed a large abomination
 12217 | Gauntlet | Found a transporter.
 12217 | Gauntlet | Found a transporter.
 12218 | Gauntlet | Found a transporter.
 12220 | Gauntlet | Noticed a queen ant
 12227 | Gauntlet | Noticed a death ooze
 12227 | Gauntlet | Noticed a hell beast
 12228 | Gauntlet | Found a transporter.
 12232 | Gauntlet | Found a transporter.
 12232 | Gauntlet | Found a transporter.
 12233 | Gauntlet | Found a transporter.
 12242 | Gauntlet | Found a transporter.
 12249 | Gauntlet | Found a transporter.
 12437 | Gauntlet | Reached XP level 12. HP: 106/106 MP: 12/21
 12507 | Gauntlet | Killed a hell beast
 12544 | Gauntlet | Got a twisted cloak
 12547 | Gauntlet | Identified the +5 cloak "Masuthru" {+Blink Stlth+} (You
                  | found it in a Gauntlet)
 12710 | Gauntlet | Reached skill level 14 in Fighting
 12726 | Gauntlet | Got a shimmering copper amulet
 12727 | Gauntlet | Identified the amulet "Viatir" {Reflect rF++ rC++ Int-3
                  | SH+4} (You found it in a Gauntlet)
 12921 | Gauntlet | Identified the ring "Ros Baraab" {rElec Dex+3}
 12921 | Gauntlet | Noticed a minotaur
 12939 | Gauntlet | Killed a minotaur
 13090 | Gauntlet | Learned a level 5 spell: Summon Lightning Spire
 13124 | D:11     | Noticed a centaur warrior
 13135 | D:11     | Killed a centaur warrior
 13234 | D:11     | Found a staircase to the Orcish Mines.
 13280 | D:11     | Found a blossoming altar of Fedhas.
 13407 | D:11     | Noticed a two-headed ogre
 13413 | D:11     | Killed a two-headed ogre
 13891 | Lair:1   | Entered Level 1 of the Lair of Beasts
 13922 | Lair:1   | Reached ****** piety under Qazlal
 14799 | Lair:2   | Found a staircase to the Snake Pit.
 14856 | Lair:2   | Gained mutation: You are completely covered in thin
                  | metallic scales. (AC +4, rElec) [demonic ancestry]
 14856 | Lair:2   | Reached XP level 13. HP: 114/114 MP: 21/25
 14898 | Lair:2   | Noticed Erica
 14909 | Lair:2   | Killed Erica
 14909 | Lair:2   | Reached skill level 15 in Fighting
 15446 | Lair:2   | Got a warped tin amulet
 15570 | Lair:2   | Identified the cursed amulet "Aziw" {Inacc rF+} (You found
                  | it on level 2 of the Lair of Beasts)
 15642 | Lair:3   | Noticed Sonja
 15720 | Lair:3   | Reached skill level 1 in Summonings
 15849 | Lair:3   | Found a staircase to the Swamp.
 16298 | Lair:3   | Killed Sonja
 16298 | Lair:3   | Reached skill level 5 in Evocations
 16630 | Lair:4   | Reached skill level 1 in Conjurations
 16774 | Lair:4   | Found a stormy altar of Qazlal.
 17480 | Lair:5   | Reached skill level 16 in Fighting
 17771 | Lair:5   | Identified the +6 quarterstaff "Giost" {freeze, Int+3} (You
                  | found it on level 5 of the Lair of Beasts)
 17798 | Lair:5   | Noticed Urug
 17811 | Lair:5   | Killed Urug
 17937 | Lair:5   | Found a viscous altar of Jiyva.
 17943 | Lair:5   | Found a staircase to the Slime Pits.
 18249 | Lair:6   | Entered Level 6 of the Lair of Beasts
 18262 | Lair:6   | Noticed a dire elephant
 18263 | Lair:6   | Gained mutation: You are robust. (+10% HP) [demonic
                  | ancestry]
 18263 | Lair:6   | Reached XP level 14. HP: 31/138 MP: 2/27
 18265 | Lair:6   | HP: 5/138 [elephant (2)]
 18266 | Lair:6   | Slain by a polar bear

Skill      XL: |  1  2  3  4  5  6  7  8  9 10 11 12 13 |
---------------+----------------------------------------+-----
Armour         | 1 2 4 6 7 |  7.8
Long Blades    | 2 |  2.2
Charms         | 3 4 5 6 8 |  8.0
Dodging        | 2 |  2.0
Fighting       | 3 4 5 6 8 11 12 13 14 16 | 16.4
Hexes          | 1 2 |  2.0
Invocations    | 3 4 5 |  5.0
Spellcasting   | 3 4 6 8 9 |  9.4
Necromancy     | 2 4 |  4.0
Evocations     | 2 4 5 |  5.0
Summonings     | 2 |  2.9
Conjurations   | 2 |  2.3

Action                   |  1- 3 |  4- 6 |  7- 9 | 10-12 | 13-15 || total
-------------------------+-------+-------+-------+-------+-------++-------
Melee: Falchion          |   146 |   202 |   102 |       |       ||   450
       Kick              |       |    46 |    82 |   163 |    89 ||   380
       War axe           |       |       |   225 |   634 |   196 ||  1055
       Double sword      |       |       |       |       |     5 ||     5
Throw: Tomahawk          |       |     6 |    21 |    10 |       ||    37
 Cast: Infusion          |     7 |    12 |     6 |    10 |     3 ||    38
       Song of Slaying   |     5 |    15 |    17 |    21 |     8 ||    66
       Spectral Weapon   |       |       |     4 |     3 |       ||     7
       Regeneration      |       |       |     4 |    14 |     8 ||    26
 Abil: Evoke Flight      |     1 |       |       |       |       ||     1
  Use: Scroll            |     5 |     1 |    18 |    11 |     3 ||    38
       Potion            |       |       |     1 |    10 |       ||    11
 Stab: Sleeping          |       |     1 |       |       |       ||     1
       Distracted        |       |       |     1 |       |       ||     1
       Invisible         |       |       |       |     3 |       ||     3
  Eat: Chunk             |     7 |    10 |    16 |    24 |    10 ||    67
       Ration            |       |     1 |     5 |     7 |     3 ||    16
Armor: Leather armour    |    26 |    51 |   139 |   288 |   211 ||   715
       Acid dragon scale |       |       |       |    36 |       ||    36
       Skin              |       |       |       |    15 |       ||    15
Dodge: Dodged            |    80 |   101 |   229 |   422 |   148 ||   980
       Deflected         |       |       |     5 |     6 |     3 ||    14
Block: Other             |     6 |    25 |   112 |   570 |   248 ||   961
       Reflection        |       |       |     1 |    24 |     3 ||    28
